 Dungeon Crawl Stone Soup version 0.29.1-2-gbd0b4ee654 (webtiles) character file.

Game seed: 16628462943666685414

72 porpoise the Trooper (level 4, -4/37 HPs)
             Began as a Formicid Abyssal Knight on Oct 31, 2022.
             Was a Priest of Lugonu.
             Slain by a centaur (6 damage)
             ... on level 3 of the Dungeon.
             The game lasted 00:06:42 (1837 turns).

porpoise the Trooper (Formicid Abyssal Knight)      Turns: 1837, Time: 00:06:43

Health: -4/37      AC:  6    Str: 19    XL:     4   Next: 50%
Magic:  5/5        EV: 10    Int: 10    God:    Lugonu [***...]
Gold:   129        SH:  0    Dex: 14    Spells: 3/3 levels left

rFire   . . .      SeeInvis +   a - +1 hand axe
rCold   . . .      Faith    .   (no shield)
rNeg    . . .      Spirit   .   m - +0 ring mail
rPois   .          Reflect  .   (helmet unavailable)
rElec   .          Harm     .   (no cloak)
rCorr   .          Rampage  .   n - +0 pair of gloves
Will    .....                   (no boots)
Stlth   +.........              (no amulet)
HPRegen 0.12/turn               (no ring)
MPRegen 0.09/turn               (no ring)

@: no status effects
A: permanent stasis, dig shafts and tunnels, antennae 3, four strong arms
a: Dig, Shaft Self, Renounce Religion, Depart the Abyss, Bend Space, Banish


You were on level 3 of the Dungeon.
You worshipped Lugonu.
Lugonu was most pleased with you.
You visited 1 branch of the dungeon, and saw 3 of its levels.
You visited the Abyss 1 time.

You collected 129 gold pieces.

Inventory:

Hand Weapons
 a - a +1 hand axe (weapon)
 b - a +0 sling
Armour
 m - a +0 ring mail (worn)
 n - a +0 pair of gloves (worn)
Scrolls
 e - a scroll of summoning {unknown}
 f - a scroll of vulnerability {unknown}
 g - a scroll of identify
 k - a scroll of enchant weapon {unknown}
 l - a scroll of acquirement {unknown}
 o - a scroll of magic mapping {unknown}
 p - a scroll of fear {unknown}
Potions
 c - 2 potions of might
 d - 2 potions of ambrosia
 h - a potion of curing {unknown}
 i - a potion of heal wounds {unknown}
 j - 2 potions of brilliance


   Skills:
 + Level 4.1 Fighting
 * Level 3.8 Axes
 - Level 2.1 Armour
 - Level 0.8 Dodging
 - Level 2.1 Invocations


You had 3 spell levels left.
You didn't know any spells.
Your spell library was empty.

Dungeon Overview and Level Annotations

Branches:
Dungeon (3/15)

Altars:


Innate Abilities, Weirdness & Mutations

You cannot be hasted, slowed, berserked, paralysed or teleported.
You can dig through walls and to a lower floor.
You have a pair of large antennae on your head. (SInv)
Your four strong arms can wield two-handed weapons with a shield.


Message History

The centaur shoots an arrow.
The arrow barely misses you.
The centaur shoots an arrow.
The arrow hits you!
The centaur shoots an arrow.
The arrow closely misses you.
The centaur shoots an arrow.
The arrow hits you but does no damage.
The centaur shoots an arrow.
The arrow barely misses you.
The centaur unwields a +0 shortbow.
The centaur hits you but does no damage.
The centaur kicks you.
You hit the centaur.
The centaur is lightly wounded.
The centaur hits you but does no damage.
The centaur closely misses you.
You slash the centaur!
The centaur is heavily wounded.
The centaur hits you.
The centaur kicks you but does no damage.
The centaur hits you but does no damage.
The centaur kicks you but does no damage.
You barely miss the centaur.
The centaur is heavily wounded.
The centaur hits you but does no damage.
The centaur kicks you. The centaur hits you.
* * * LOW HITPOINT WARNING * * *
The centaur barely misses you.
You hit the centaur.
The centaur is severely wounded.
The centaur barely misses you.
The centaur kicks you but does no damage.
You hit the centaur.
The centaur is almost dead.
The centaur hits you but does no damage.
The centaur kicks you.
* * * LOW HITPOINT WARNING * * *
The centaur hits you.
* * * LOW HITPOINT WARNING * * *
The centaur barely misses you.
You hit the centaur.
The centaur is almost dead.
The centaur hits you.
You die...

#.#.#.. #.# .# .#.#.#.# #.#
.#.# .#.#.#.#.# #.. .#.#.#
.#.#.#.#.#.#####..
.#.#.#.#.#.#.#.#.#.#.......
.#.#.#.#.#.#.#.#.#.#.##.....
##.#.#.#.#.#.#.#.#.#.###.....
#.#.#.#.#.#.#c#.#.#.#.##.....
#.#.#.#.#.#@#.#.#.#.########
#.#.#.#.#.#.#.#.#.#.#
{#.#.#.#.#.#.#.#.#.#..
#.#.#.#.#.#.#+#.#+#+....
##.#.#.#.#.#.#.......# .....
#.......#.#.#........+ .....
##.......#.#.#.......# ....
#.....(.....#.......# ....
#.........#.#.......#


You could see a centaur.

Vanquished Creatures
  2 adders
  A worm (D:2)
  3 dart slugs (D:1)
  3 ball pythons
  6 endoplasms
  A giant cockroach (D:2)
  3 goblins
  2 hobgoblins
  2 jackals (D:2)
  2 quokkas (D:2)
  4 bats
  7 frilled lizards
  9 kobolds
  2 rats (D:1)
47 creatures vanquished.

Notes
Turn   | Place    | Note
-------+----------+-------------------------------------------
     0 | Abyss:1  | porpoise the Formicid Abyssal Knight began the quest for
                  | the Orb.
     0 | Abyss:1  | Reached XP level 1. HP: 18/18 MP: 2/2
     1 | D:1      | Escaped the Abyss
   219 | D:1      | Reached XP level 2. HP: 16/24 MP: 3/3
   586 | D:1      | Reached XP level 3. HP: 24/30 MP: 4/4
   646 | D:1      | Found a faded altar of an unknown god.
  1084 | D:2      | Reached *** piety under Lugonu
  1403 | D:2      | Reached XP level 4. HP: 34/37 MP: 5/5
  1521 | D:2      | Reached skill level 4 in Fighting
  1826 | D:3      | Noticed a centaur
  1837 | D:3      | Slain by a centaur

Illustrated notes

Levels and vault maps discovered:
D:1:      ncdulo_wetmaze, layout_loops_ring,
          hellmonk_ecumenical_altar_inner_sanctum, minmay_misc_feat_five,
          corexii_leaking_fountain
D:2:      kennysheep_big_flooded_room, layout_basic
D:3:      layout_basic, minmay_bisected

Skill      XL: |  1  2  3  4 |
---------------+-------------+-----
Axes           | 3 |  3.8
Fighting       | 4 |  4.1
Armour         | |  2.1
Dodging        | |  0.8
Invocations    | |  2.1

Action                   |  1- 3 |  4- 6 || total
-------------------------+-------+-------++-------
Melee: Hand axe          |   108 |    30 ||   138
 Fire: Sling             |     1 |       ||     1
  Use: Scroll            |       |     4 ||     4
 Stab: Sleeping          |     3 |       ||     3
       Distracted        |     1 |       ||     1
Armor: Leather armour    |    21 |       ||    21
       Ring mail         |     6 |    21 ||    27
Dodge: Dodged            |    73 |    16 ||    89
